Unix NetHack Version 3.7.0-71 Work-in-progress - last build Jan 31 2023 02:41:03 (7ba98a1283f2b7cec35fde026edb48fc825ab8ae,branch:master). Game began 2023-02-12 15:05:10, ended 2023-02-12 15:34:44. spontiff, neutral male gnomish Healer --- -----------.-- -------- |..|.|.--.....-- |..--.^| -..............| |....).-- ...[...^.....--- |..*....-- ...d.....--------- ---......| .a--...........--- --....).---- .@a.....-----...| |.*..---...| ---- --[.------.---....| |..-- --....---........| ---- -------...^.......--- |..| ----..%.......-- ---..| |..........)..| |....-----...........)-- |.....--..........---.--- ----.%...........-- |.<.--- --............| |.....| --.--..--.|..| |.....| ------------- ------- Spontiff the Rhizotomist St:9 Dx:9 Co:15 In:10 Wi:16 Ch:17 Neutral S:444 Dlvl:4 $:1604 HP:0(25) Pw:1(8) AC:7 Xp:1/0 T:1868 Latest messages: What do you want to zap? [JS or ?*] ? Never mind. The killer bee stings! The killer bee's sting was poisoned! The poison doesn't seem to affect you. You swap places with your large dog. The large dog misses it. The large dog bites the killer bee. The killer bee is killed! What do you want to use or apply? [lsJSY or ?*] s In what direction? y The invisible monster must have moved. You hear nothing special. What do you want to use or apply? [lsJSY or ?*] s In what direction? y The invisible monster must have moved. You hear nothing special. A cloud of gas puts you to sleep! You wake up. The goblin wields a crude dagger! You hear some noises. The large dog eats a goblin corpse. The killer bee stings! The killer bee stings! #why all the bloody bees? It's only dl4: unknown extended command. In what direction? . You feel better. The killer bee stings! The killer bee stings! The killer bee stings! The killer bee stings! The killer bee stings! The killer bee's sting was poisoned! The poison doesn't seem to affect you. The killer bee stings! The killer bee stings! The killer bee stings! You hear some noises in the distance. The killer bee stings! The killer bee just misses! The killer bee stings! The killer bee stings! Are you sure you want to pray? [yn] (n) y You begin praying to Hermes. The killer bee stings! The killer bee stings! The killer bee stings! You die... Do you want your possessions identified? [ynq] (y) y Do you want to see the dungeon overview? [ynq] (y) y Inventory: Coins $ - 1604 gold pieces Amulets A - an uncursed amulet of reflection (being worn) M - a cursed amulet of restful sleep Weapons W - an uncursed +0 arrow k - an uncursed +0 dagger I - an uncursed +0 elven dagger K - an uncursed +0 scalpel (alternate weapon; not wielded) Armor h - an uncursed +0 orcish helm (being worn) g - an uncursed +1 pair of leather gloves (being worn) Comestibles y - an uncursed apple p - an uncursed tripe ration u - 3 uncursed lichen corpses Scrolls X - a cursed scroll of destroy armor m - a cursed scroll of remove curse Spellbooks Y - an uncursed spellbook of confuse monster Potions B - an uncursed potion of gain level c - a blessed potion of healing z - an uncursed potion of invisibility H - an uncursed potion of levitation C - a potion of unholy water Rings R - an uncursed ring of sustain ability Wands J - an uncursed wand of light (0:14) S - an uncursed wand of sleep (0:0) Tools s - an uncursed stethoscope Gems/Stones q - an uncursed obsidian stone a - an uncursed worthless piece of violet glass o - 2 uncursed worthless pieces of yellow glass l - an uncursed flint stone Spontiff the Healer's attributes: Background: You were a Rhizotomist, a level 1 male gnomish Healer. You were neutral, on a mission for Hermes who was opposed by Athena (lawful) and Poseidon (chaotic). You were in the Gnomish Mines, on level 4. You entered the dungeon 1868 turns ago. You had 0 experience points, 20 were needed to attain level 2. Your score was 444 before end-of-game adjustments. Basics: You had 0 out of 25 hit points. You had 1 out of 8 energy points (spell power). Your armor class was 7. Your wallet contained 1604 zorkmids. Autopickup was on for '$!/="?' plus thrown, with exceptions. Final Characteristics: Your strength was 9 (limit:18/50). Your dexterity was 9 (limit:18). Your constitution was 15 (limit:18). Your intelligence was 10 (limit:19). Your wisdom was 16 (limit:18). Your charisma was 17 (limit:18). Final Status: You were not hungry. You were unencumbered. You were empty handed. You were unskilled in bare handed combat. Final Attributes: You were devoutly aligned. You were poison resistant. You had infravision. You had reflection. You are dead. Miscellaneous: You encountered 1 bones level. Total elapsed playing time was 29 minutes and 34 seconds. Major events: Turn 1: spontiff the neutral male gnomish Healer entered the dungeon 1106: entered the Gnomish Mines 1868: killed by a killer bee, while praying Vanquished creatures: a shrieker a kitten 4 killer bees 2 coyotes 2 hobbits 2 geckos 5 jackals 2 foxes a kobold 7 goblins 5 grid bugs 5 lichens 2 newts 39 creatures vanquished. No species were genocided or became extinct. Voluntary challenges: You never hit with a wielded weapon. You were a pacifist. You were illiterate. You never engraved Elbereth. You never genocided any monsters. You never polymorphed an object. You never changed form. You used no wishes. Achievement: You entered the Gnomish Mines. The Dungeons of Doom: levels 1 to 4 Level 1: "Stashlet" Level 2: Level 3: Stairs down to The Gnomish Mines. Level 4: A sink. The Gnomish Mines: Level 4: <- You were here. Final resting place for you, killed by a killer bee, while praying, lurchy-Wiz-Elf-Mal-Cha, killed by a killer bee. Game over: ---------- / \ / REST \ / IN \ / PEACE \ / \ | spontiff | | 1604 Au | | killed by a | | killer bee | | | | | | 2023 | *| * * * | * _________)/\\_//(\/(/\)/\//\/|_)_______ Goodbye spontiff the Healer... You died in The Gnomish Mines on dungeon level 4 with 415 points, and 1604 pieces of gold, after 1868 moves. You were level 1 with a maximum of 25 hit points when you died.